 Dungeon Crawl Stone Soup version 0.27-a0-1245-g940ed4fa31 (webtiles) character file.

Game seed: 15699433179257926017

14 Mesmaeker13 the Caller (level 2, 0/19 HPs)
             Began as a Mummy Summoner on June 9, 2021.
             Slain by a quokka (3 damage)
             ... on level 1 of the Dungeon.
             The game lasted 00:01:12 (1340 turns).

Mesmaeker13 the Caller (Mummy Summoner)             Turns: 1340, Time: 00:01:13

Health: 0/19       AC:  2    Str: 11    XL:     2   Next: 31%
Magic:  2/6        EV: 12    Int: 14    God:
Gold:   15         SH:  0    Dex: 12    Spells: 6/7 levels left

rFire    x . .     SeeInvis .   f - +0 flail
rCold    + . .     Faith    .   (no shield)
rNeg     + + +     Spirit   .   a - +0 robe
rPois    ∞         Reflect  .   (no helmet)
rElec    .         Harm     .   (no cloak)
rCorr    .         Rampage  .   (no gloves)
Will     .....                  (no boots)
Stlth    ++........             (no amulet)
HPRegen  0.06/turn              (no ring)
MPRegen  0.10/turn              (no ring)

@: no status effects
A: cold resistance 1, negative energy resistance 3, torment resistance 2, heat
vulnerability 1, no potions
a: no special abilities


You were on level 1 of the Dungeon.
You visited 1 branch of the dungeon, and saw 1 of its levels.

You collected 15 gold pieces.

Inventory:

Hand Weapons
 e - a +0 short sword
 f - a +0 flail (weapon)
Armour
 a - a +0 robe (worn)
Scrolls
 b - a scroll of teleportation {unknown}
 c - a scroll of enchant weapon {unknown}
 d - a scroll of noise {unknown}


   Skills:
 + Level 1.9 Dodging
 - Level 1.5 Stealth
 + Level 3.1 Spellcasting
 + Level 3.4 Summonings


You had 6 spell levels left.
You knew the following spells:

 Your Spells              Type           Power      Damage    Failure   Level
a - Summon Small Mammal   Summ           44%        N/A       4%          1

Your spell library contained the following spells:

 Spells                   Type           Power      Damage    Failure   Level
 Call Imp                 Summ           11%        N/A       8%          2
 Call Canine Familiar     Summ           11%        N/A       16%         3
 Animate Skeleton         Necr           4%         N/A       22%         1
 Pain                     Necr           8%         1d4       22%         1
 Summon Guardian Golem    Hex/Summ       7%         N/A       30%         3
 Confusing Touch          Hex            2%         N/A       54%         3
 Gell's Gravitas          Tloc           1%         N/A       54%         3
 Vampiric Draining        Necr           1%         2d6       54%         3
 Summon Ice Beast         Ice/Summ       7%         N/A       71%         4
 Summon Lightning Spire   Summ/Air       7%         N/A       71%         4
 Animate Dead             Necr           1%         N/A       91%         4
 Petrify                  Tmut/Erth      2%         N/A       91%         4
 Agony                    Necr           2%         N/A       99%         5
 Metabolic Englaciation   Hex/Ice        1%         N/A       99%         5
 Yara's Violent Unravell  Hex/Tmut       1%         3d3       99%         5


Dungeon Overview and Level Annotations

Branches:
Dungeon (1/15)

Altars:


Innate Abilities, Weirdness & Mutations

You are immune to poison.
Your flesh is cold resistant. (rC+)
You are immune to negative energy. (rN+++)
You are immune to unholy pain and torment.
You are vulnerable to heat. (rF-)
You do not drink.


Message History

The bat hits your bat.
Your bat dies!
Your bat's corpse disappears in a puff of smoke!
The bat hits you.
You see here a dart slug corpse.
The bat hits you but does no damage.
Casting: Summon Small Mammal (safe; 4% risk of failure)
Confirm with . or Enter, or press ? or * to list all spells.
The bat barely misses you. The bat closely misses you.
The bat hits you but does no damage. The bat closely misses you.
You swap places.
The quokka bites your rat.
Your rat dies!
Your rat's corpse disappears in a puff of smoke!
Casting: Summon Small Mammal (safe; 4% risk of failure)
Confirm with . or Enter, or press ? or * to list all spells.
The quokka barely misses your rat. The quokka closely misses your rat.
The quokka bites your rat.
Your rat dies!
Your rat's corpse disappears in a puff of smoke!
The bat barely misses you. The bat hits you. The bat closely misses you.
The bat hits you. The bat hits you but does no damage.
Casting: Summon Small Mammal (safe; 4% risk of failure)
Confirm with . or Enter, or press ? or * to list all spells.
The quokka bites you.
* * * LOW HITPOINT WARNING * * *
The quokka closely misses you.
You swap places.
The quokka closely misses your rat.
Your rat bites the quokka but does no damage.
Something bites your rat.
Your rat dies!
Your rat's corpse disappears in a puff of smoke!
The quokka bites you but does no damage.
The quokka barely misses you.
Casting: Summon Small Mammal (safe; 4% risk of failure)
Confirm with . or Enter, or press ? or * to list all spells.
The quokka bites you.
You die...

#.##.......†.......##
#.###############.## #.#
#########.###########
....................#
...###..#.#########.# #.#
........#.# #.# #.#
...####.#.#########.#####.#
#.###.........rr@.......#.#
#..>..#.###########.###.#.##
#####.#.## #.# .... #....####
##.## #.####### #.......# #...##
#....>... #....##.# #.###.#
########. #####.#.###.#####. #.#
#. ................#.###.# #.
#####.#####.###.##...###########.


You could see a quokka (ally target) and a friendly rat (summoned).

Vanquished Creatures
  A dart slug (D:1)
  A quokka (D:1)
  A kobold (D:1)
  2 rats (D:1)
5 creatures vanquished.

Vanquished Creatures (collateral kills)
  A dart slug (D:1)
  3 endoplasms (D:1)
  2 jackals (D:1)
  A ball python (D:1)
  A frilled lizard (D:1)
  A kobold (D:1)
9 creatures vanquished.

Grand Total: 14 creatures vanquished

Notes
Turn   | Place    | Note
-------+----------+-------------------------------------------
     0 | D:1      | Mesmaeker13 the Mummy Summoner began the quest for the Orb.
     0 | D:1      | Reached XP level 1. HP: 13/13 MP: 4/4
  1021 | D:1      | Reached XP level 2. HP: 14/19 MP: 1/6
  1340 | D:1      | Slain by a quokka

Illustrated notes

Levels and vault maps discovered:
D:1:      wander_arrival_fairy_ring, layout_loops_ring, corexii_hall_statues_i

Skill      XL: |  1 |
---------------+----+-----
Spellcasting   | 3 |  3.1
Dodging        | |  1.9
Stealth        | |  1.5
Summonings     | |  3.4

Action                   || total
-------------------------++-------
Melee: Unarmed           ||    17
       Short sword       ||     9
       Flail             ||     3
 Cast: Summon Small Mamm ||    36
Armor: Robe              ||    12
Dodge: Dodged            ||    48

Table legend: (Time is in decaauts)
 A = Elapsed time spent in this place.
 B = Non-inter-level travel time spent in this place.
 C = Inter-level travel time spent in this place.
 D = Time resting spent in this place.
 E = Time spent auto-exploring this place.
 F = Levels seen in this place.
 G = Mean time per level.
                   A        B        C        D        E       F      G
               +--------+--------+--------+--------+--------+-----+--------+
         Total |   1341 |   1341 |      0 |    457 |    637 |   1 | 1341.0 |
       Dungeon |   1341 |   1341 |      0 |    457 |    637 |   1 | 1341.0 |
               +--------+--------+--------+--------+--------+-----+--------+

Top non-repeatable levels by time:
     D:1: 1341 daAuts
